 Dungeon Crawl Stone Soup version 0.29.1-1-gd02db6906a (webtiles) character file.

Game seed: 7443590998114057935

65 dave1331 the Trooper (level 4, 0/49 HPs)
             Began as an Ogre Fighter on Oct 4, 2022.
             Slain by a goblin
             ... wielding a +0 dagger
             ... led by Robin
              (3 damage)
             ... on level 2 of the Dungeon.
             The game lasted 00:02:15 (2098 turns).

dave1331 the Trooper (Ogre Fighter)                 Turns: 2098, Time: 00:02:15

Health: 0/49       AC:  3    Str: 22    XL:     4   Next: 14%
Magic:  4/4        EV:  8    Int:  9    God:
Gold:   62         SH:  7    Dex:  8    Spells: 3/3 levels left

rFire   . . .      SeeInvis .   a - +0 war axe
rCold   . . .      Faith    .   c - +0 kite shield
rNeg    . . .      Spirit   .   b - +0 robe
rPois   .          Reflect  .   (helmet restricted)
rElec   .          Harm     .   (no cloak)
rCorr   .          Rampage  .   (gloves unavailable)
Will    .....                   (boots unavailable)
Stlth   +.........              (no amulet)
HPRegen 0.16/turn               (no ring)
MPRegen 0.09/turn               (no ring)

@: lethally poisoned (0 -> -19)
A: large, unfitting armour, tough skin 1
a: no special abilities


You were on level 2 of the Dungeon.
You visited 1 branch of the dungeon, and saw 2 of its levels.

You collected 62 gold pieces.

Inventory:

Hand Weapons
 a - a +0 war axe (weapon)
Armour
 b - a +0 robe (worn)
 c - a +0 kite shield (worn)
Scrolls
 e - a scroll of fear {unknown}
 g - a scroll of silence {unknown}
 h - a scroll of teleportation {unknown}
 i - a scroll of poison {unknown}
 j - a scroll of enchant armour {unknown}
 l - 3 scrolls of identify {unknown}
Potions
 d - a potion of might
 f - 2 potions of curing {unknown}
 k - a potion of degeneration {unknown}


   Skills:
 + Level 4.6 Fighting
 + Level 2.8 Axes
 + Level 3.1 Dodging
 + Level 0.1 Stealth
 + Level 3.6 Shields


You had 3 spell levels left.
You didn't know any spells.
Your spell library contained the following spells:

 Spells                   Type           Power      Damage    Failure   Level
 Gell's Gravitas          Tloc           0%         N/A       96%         3
 Teleport Other           Tloc           0%         N/A       96%         3
 Dispersal                Tloc           0%         N/A       100%        6


Dungeon Overview and Level Annotations

Branches:
Dungeon (2/15)

Altars:

Annotations:
D:2 Robin


Innate Abilities, Weirdness & Mutations

You are too large for most types of armour.
You have tough skin. (AC +1)


Message History

You are poisoned.
The goblin hits you but does no damage. You block the goblin's attack. x2
You hit the goblin but do no damage. You closely miss the goblin.
You barely miss the goblin. You hit the goblin.
You kill the goblin!
You barely miss the goblin. You hit the goblin.
You feel very sick. You block the goblin's attack.
Robin throws the goblin at you! The goblin hits you with a +0 dagger.
The goblin hits you with a +2 dagger of venom.
You are more poisoned.
The goblin hits you but does no damage.
The hobgoblin hits you but does no damage.
The goblin hits you with a +0 club. The goblin barely misses you.
The goblin hits you but does no damage. x2; You block the goblin's attack.
The goblin hits you but does no damage.
You closely miss the goblin. You miss the goblin. You barely miss the goblin.
You slash the goblin!
You kill the goblin!
You slash the hobgoblin!
You kill the hobgoblin!
You barely miss the goblin. You miss the goblin.
You feel very sick. You block the goblin's attack.
The goblin hits you but does no damage. You block the goblin's attack.
The goblin barely misses you. The goblin hits you with a +0 dagger.
* * * LOW HITPOINT WARNING * * *
The adder bites you but does no damage.
You miss the goblin. You hit the goblin but do no damage. You miss the adder.
You hit the goblin. You slash the goblin!
You kill the goblin!
You closely miss the goblin.
You feel very sick. The goblin hits you with a +0 dagger.
* * * LOW HITPOINT WARNING * * *
The goblin hits you with a +2 dagger of venom.
* * * LOW HITPOINT WARNING * * *
You are more poisoned.
The goblin hits you with a +0 dagger.
You die...

####### #######
#.....# #......
#.....#
#......###.....#
#.....Sg#.♣P.P♣#
..$..Sg@g.♣~~~♣
...!..gg).♣~.♣♣
.......♣♣.♣♣~~♣ ###
..$...♣♣♣♣♣♣~.♣♣♣♣♣.#
...>..~~~~♣~.~♣♣~.♣.#
...#...~~~~~..†~~~..#
######♣♣.~~~~~♣♣♣♣P.#
♣♣♣♣♣~♣♣ ♣♣♣.# ♣P.P♣
♣.###


You could see Robin, an adder, 4 goblins and a ball python.

Vanquished Creatures
  2 adders (D:2)
  3 worms (D:2)
  2 dart slugs
  An endoplasm (D:1)
  10 goblins
  3 hobgoblins
  3 quokkas (D:1)
  3 ball pythons
  3 bats
  3 frilled lizards
  3 kobolds (D:1)
  A rat (D:1)
37 creatures vanquished.

Vanquished Creatures (others)
  3 plants (D:2)
3 creatures vanquished.

Grand Total: 40 creatures vanquished

Notes
Turn   | Place    | Note
-------+----------+-------------------------------------------
     0 | D:1      | dave1331 the Ogre Fighter began the quest for the Orb.
     0 | D:1      | Reached XP level 1. HP: 24/24 MP: 1/1
   320 | D:1      | Reached XP level 2. HP: 24/32 MP: 2/2
  1465 | D:2      | Reached XP level 3. HP: 25/39 MP: 3/3
  1916 | D:2      | Identified the +4 ring mail of Ojueceplixt {rN+ Str+3 Int+3
                  | Dex+2}
  2091 | D:2      | Noticed Robin
  2095 | D:2      | Reached XP level 4. HP: 44/49 MP: 4/4
  2098 | D:2      | Slain by a goblin

Illustrated notes

Levels and vault maps discovered:
D:1:      psy_arrival_spokes, layout_basic, hex_tiny
D:2:      layout_basic, minmay_misc_feat_alley, serial_bayou_crossing,
          uniq_robin

Skill      XL: |  1  2 |
---------------+-------+-----
Dodging        | 3 |  3.1
Fighting       | |  4.6
Axes           | |  2.8
Stealth        | |  0.1
Shields        | |  3.6

Action                   |  1- 3 |  4- 6 || total
-------------------------+-------+-------++-------
Melee: War axe           |    89 |     4 ||    93
Armor: Robe              |    24 |     9 ||    33
Dodge: Dodged            |    33 |     2 ||    35
Block: Kite shield       |    36 |     6 ||    42
